 Dungeon Crawl Stone Soup version 0.31-a0-931-g7b59d4eb97 (webtiles) character file.

Game seed: 16955457410086064838

249 rocky1 the Cudgeller (level 6, -2/55 HPs)
             Began as a Gargoyle Gladiator on Oct 20, 2023.
             Was a Believer of the Shining One.
             Slain by an orc
             ... wielding a +0 trident of flaming
              (6 damage)
             ... on level 4 of the Dungeon.
             The game lasted 00:05:53 (2489 turns).

rocky1 the Cudgeller (Gargoyle Gladiator)           Turns: 2489, Time: 00:05:54

Health: -2/55      AC: 23    Str: 20    XL:     6   Next: 12%
Magic:  7/7        EV:  2    Int:  8    God:    the Shining One [**....]
Gold:   170        SH:  0    Dex: 11    Spells: 5/5 levels left

rFire   + . .        y - +7 hammer of the Reaper {venom, rF+}
rCold   . . .        (no shield)
rNeg    + + .        x - melded +0 scale mail
rPois   ∞            c - melded +0 helmet
rElec   .            i - melded +0 cloak
rCorr   .            t - melded +0 pair of gloves
SInv    .            b - melded +1 pair of boots
Will    .....        (no amulet)
Stlth   +            l - ring of flight
HPRegen 0.29/turn    s - ring of wizardry
MPRegen 0.10/turn

%: wizardry (x1)
@: brilliant, tree-form, glowing
A: stationary, stasis, torment immunity, boosted hp, sickness immunity, AC +4,
negative energy resistance 1, (electricity resistance), torment resistance 1,
petrification resistance
a: Renounce Religion, Divine Shield


You were on level 4 of the Dungeon.
You worshipped the Shining One.
The Shining One was pleased with you.
You were a tree.
You visited 1 branch of the dungeon, and saw 4 of its levels.

You collected 170 gold pieces.

Inventory:

Hand Weapons
 a - a +0 flail
 y - the +7 hammer of the Reaper (weapon) {venom, rF+}
   (You found it on level 3 of the Dungeon)

   rF+:       It protects you from fire.
Missiles
 d - 3 throwing nets (quivered)
 e - a javelin
Armour
 b - a +1 pair of boots (melded)
 c - a +0 helmet (melded)
 i - a +0 cloak (melded)
 t - a +0 pair of gloves (melded)
 x - a +0 scale mail (melded)
Jewellery
 l - a ring of flight (left branch)
 s - a ring of wizardry (right branch)
Talismans
 v - a blade talisman
Scrolls
 h - a scroll of teleportation {unknown}
 k - a scroll of poison {unknown}
 o - a scroll of blinking {unknown}
 p - a scroll of enchant weapon {unknown}
 r - a scroll of butterflies {unknown}
 u - 2 scrolls of torment {unknown}
 w - a scroll of noise {unknown}
Potions
 f - 3 potions of attraction
 j - 2 potions of might
 n - 2 potions of brilliance


   Skills:
 + Level 3.4 Fighting
 + Level 5.6 Maces & Flails
 - Level 1.8 Throwing
 - Level 2.4 Dodging
 * Level 2.3 Invocations


You had 5 spell levels left.
You didn't know any spells.
Your spell library contained the following spells:

 Spells                   Type           Power      Damage    Failure   Level
 Summon Small Mammal      Summ           0%         N/A       17%         1
 Wereblood                Tmut           0%         N/A       26%         2
 Call Canine Familiar     Summ           0%         N/A       45%         3
 Ignite Poison            Fire/Tmut/Pois 0%         N/A       45%         3
 Summon Guardian Golem    Hex/Summ       0%         N/A       45%         3
 Sticky Flame             Conj/Fire      0%         2d3       83%         4
 Summon Hydra             Summ           0%         N/A       100%        7
 Ignition                 Fire           0%         3d3       100%        8
 Sublimation of Blood     Necr           Unusable   N/A       N/A         2

Dungeon Overview and Level Annotations

Branches:
Dungeon (4/15)
 Temple: D:4-7

Altars:
Elyvilon
The Shining One

Shops:
D:3 (


Innate Abilities, Weirdness & Mutations

You are a tree.
Your roots penetrate the ground, keeping you stationary.
You cannot be teleported.
You are immune to unholy pain and torment.
Your maximum health is greatly increased.
Your equipment is partially melded.
You are immune to sickness and miasma.
((Your stone body is resilient. (AC +4)))
You are immune to poison.
You resist negative energy. (rN+)
((You are resistant to electric shocks. (rElec)))
You are resistant to unholy torment.
You are immune to petrification.


Message History

You barely miss the orc. The orc hits you but does no damage.
The orc wizard gestures wildly while chanting.
The orc wizard flickers and vanishes for a moment.
The iguana bites you but does no damage.
You closely miss the orc wizard. The orc wizard casts a spell at you.
The puff of flame hits you but does no damage.
The orc hits you with a +0 trident of flaming.
The orc burns you.
The iguana hisses menacingly.
The iguana bites you.
* * * LOW HITPOINT WARNING * * *
You thump the orc wizard!
The orc wizard is heavily wounded.
The iguana bites you.
* * * LOW HITPOINT WARNING * * *
The orc wizard hits you but does no damage.
The orc hits you but does no damage. The iguana bites you!
* * * LOW HITPOINT WARNING * * *
The orc wizard completely misses you. The orc hits you but does no damage.
You barely miss the orc wizard.
The orc wizard is heavily wounded.
The orc wizard hits you but does no damage.
The orc hits you with a +0 trident of flaming.
* * * LOW HITPOINT WARNING * * *
The iguana bites you but does no damage.
Unknown command.
You hit the orc wizard.
The orc wizard is poisoned.
The orc wizard is severely wounded.
The orc wizard hits you but does no damage.
The orc hits you but does no damage.
The iguana bites you but does no damage.
You thump the orc wizard!
You kill the orc wizard!
The orc hits you but does no damage.
The iguana bites you but does no damage.
You sock the iguana!
You kill the iguana!
The orc hits you with a +0 trident of flaming.
You die...

.. ..# ...# ########### #(#.
#####.......... ...
####8....†o)...... #..
###..#......♣)......
#.###....#.....#########
...#.....##..###.......####
#.#.......#...........†...###
#.........#........8..).....#
.##.......###...............#
.###........####.......###..##
.# ##..........#########.....#
## ###...........)..........#


You could see an orc.

Vanquished Creatures
  A scorpion (D:4)
  An orc priest (D:4)
  Crazy Yiuf (D:3)
  A jelly (D:3)
  An orc wizard (D:4)
  An iguana (D:4)
  An adder (D:3)
  2 worms
  2 dart slugs
  3 orcs
  7 ball pythons
  7 endoplasms
  2 giant cockroaches (D:3)
  7 goblins
  5 hobgoblins
  4 bats
  3 frilled lizards
  3 kobolds
  5 rats
57 creatures vanquished.

Notes
Turn   | Place    | Note
-------+----------+-------------------------------------------
     0 | D:1      | rocky1 the Gargoyle Gladiator began the quest for the Orb.
     0 | D:1      | Reached XP level 1. HP: 12/12 MP: 1/1
   222 | D:1      | Reached XP level 2. HP: 18/18 MP: 2/2
   713 | D:1      | Found a faded altar of an unknown god.
   720 | D:1      | Prayed at the altar of an unknown god.
   720 | D:1      | Became a worshipper of the Shining One
   720 | D:1      | Reached * piety under the Shining One
   783 | D:2      | Reached XP level 3. HP: 22/22 MP: 3/3
  1024 | D:2      | Reached skill level 4 in Maces & Flails
  1174 | D:2      | Found a white marble altar of Elyvilon.
  1517 | D:3      | Reached skill level 1 in Invocations
  1517 | D:3      | Reached XP level 4. HP: 21/27 MP: 4/4
  1782 | D:3      | Found Faown's Antique Weapon Boutique.
  1958 | D:3      | Found a runed translucent door.
  1959 | D:3      | Noticed Crazy Yiuf
  2259 | D:3      | Killed Crazy Yiuf
  2260 | D:3      | Reached XP level 5. HP: 19/32 MP: 6/6
  2270 | D:3      | Identified the +7 hammer of the Reaper {venom, rF+}
  2440 | D:4      | Reached ** piety under the Shining One
  2478 | D:4      | Reached skill level 5 in Maces & Flails
  2483 | D:4      | Reached XP level 6. HP: 21/37 MP: 7/7
  2489 | D:4      | Slain by an orc

Illustrated notes

Levels and vault maps discovered:
D:1:      dpeg_arrival_concentric_ovals, layout_basic,
          shapermc_ecumenical_altar_hornbeckon
D:2:      layout_loops_ring, basic_altar, minmay_heptomino_w4
D:3:      layout_basic, serial_shops, nicolae_square_shop, nicolae_hexahallways,
          uniq_crazy_yiuf_cottage
D:4:      kennysheep_spiral_hall, layout_loops_cross,
          gammafunk_temple_overflow_wave, gammafunk_ghost_grave, minmay_bent

Skill      XL: |  1  2  3  4  5 |
---------------+----------------+-----
Maces & Flails | 4 5 |  5.6
Invocations    | 1 2 |  2.3
Fighting       | 3 |  3.4
Throwing       | |  1.8
Dodging        | |  2.4

Action                     |  1- 3 |  4- 6 || total
---------------------------+-------+-------++-------
  Melee: Flail             |    79 |    27 ||   106
         Punch             |     1 |       ||     1
         Mace              |       |    18 ||    18
    Use: Scroll            |     1 |     1 ||     2
         Potion            |       |     3 ||     3
 Armour: Leather armour    |     9 |       ||     9
         Ring mail         |    35 |     4 ||    39
         Skin              |     1 |    44 ||    45
         Scale mail        |       |    14 ||    14
  Dodge: Dodged            |    49 |    19 ||    68

Table legend: (Time is in decaauts)
 A = Elapsed time spent in this place.
 B = Non-inter-level travel time spent in this place.
 C = Inter-level travel time spent in this place.
 D = Time resting spent in this place.
 E = Time spent auto-exploring this place.
 F = Levels seen in this place.
 G = Mean time per level.
                   A        B        C        D        E       F      G
               +--------+--------+--------+--------+--------+-----+--------+
         Total |   2521 |   2417 |    104 |     22 |   1947 |   4 |  630.2 |
       Dungeon |   2521 |   2417 |    104 |     22 |   1947 |   4 |  630.2 |
               +--------+--------+--------+--------+--------+-----+--------+

Top non-repeatable levels by time:
     D:3: 950 daAuts
     D:1: 781 daAuts
     D:2: 660 daAuts
     D:4: 129 daAuts
